[Event "Netanya Open 2019"]
[Site "Netanya"]
[Date "2019.06.28"]
[Round "6.53"]
[White "Kadosh, Lior"]
[Black "Noy, Eyal"]
[Result "1/2-1/2"]
[ECO "B92"]
[WhiteElo "1649"]
[BlackElo "1858"]
[PlyCount "97"]
[EventDate "2019.06.23"]
[EventType "swiss"]
[EventRounds "9"]
[EventCountry "ISR"]
[TimeControl "40/5400+30:1800+30"]

1. e4 c5 2. Nf3 d6 3. d4 cxd4 4. Nxd4 Nf6 5. Nc3 a6 6. Be2 e5 7. Nf3 Be7 8. Bg5 Be6 9. a4 Nbd7 10. Nd2 Rc8 11. O-O O-O 12. Kh1 Qb6 13. Nb3 Rfd8 14. a5 Qc6 15. f4 h6 16. Bxf6 Nxf6 17. Ra4 d5 18. fxe5 Nxe4 19. Nd4 Qd7 20. Nxe6 fxe6 21. Ra1 Nxc3 22. bxc3 Rxc3 23. Bh5 Bf8 24. Bf7+ Kh8 25. Qg4 Rxc2 26. Rf6 Be7 27. Bxe6 Qc6 28. Rff1 d4 29. Bf5 d3 30. Be4 Rd4 31. Bxc6 Rxg4 32. Bxb7 d2 33. h3 Rg5 34. Bxa6 Rxg2 35. Rfd1 Rg5 36. Bd3 Rb2 37. Rab1 Rxb1 38. Rxb1 Bb4 39. Bc2 Rxe5 40. Rxb4 d1=R+ 41. Bxd1 Re1+ 42. Kg2 Rxd1 43. Ra4 Rd7 44. a6 Ra7 45. Kg3 Kh7 46. Kg4 Kg6 47. Kf4 Kf6 48. Kg3 g5 49. h4 1/2-1/2

[Event "Netanya Open 2019"]
[Site "Netanya"]
[Date "2019.06.28"]
[Round "6.54"]
[White "Sobel, Ido"]
[Black "Zhimalov, Adam"]
[Result "0-1"]
[WhiteElo "1606"]
[BlackElo "2044"]
[PlyCount "140"]
[EventDate "2019.06.23"]
[EventType "swiss"]
[EventRounds "9"]
[EventCountry "ISR"]
[TimeControl "40/5400+30:1800+30"]

1. e4 c6 2. d4 d5 3. Nc3 dxe4 4. Nxe4 Nf6 5. Nxf6+ exf6 6. c3 Qd5 7. Nf3 Bd6 8. Qe2+ Qe6 9. Qxe6+ Bxe6 10. Bd3 Nd7 11. O-O O-O-O 12. Nd2 f5 13. Nc4 Bc7 14. Re1 h6 15. b3 Rde8 16. Ba3 Nf6 17. Bb2 c5 18. Rad1 cxd4 19. cxd4 Nd5 20. Ne3 g6 21. Nxd5 Bxd5 22. Bc3 Bb6 23. Rxe8+ Rxe8 24. Kf1 Kb8 25. Rd2 Rc8 26. Bb2 Ba5 27. Rc2 Rd8 28. f3 h5 29. h3 Bc7 30. Bc4 Kc8 31. Bxd5 Rxd5 32. Ke2 Kd7 33. Kd3 Ra5 34. Bc3 Ra6 35. Bb4 Re6 36. Re2 Kc6 37. Rc2+ Kd7 38. Re2 a6 39. Bd2 Rc6 40. Bb4 Bd8 41. Rc2 Rf6 42. Bd2 Re6 43. Bc3 a5 44. Re2 Ra6 45. a4 Bc7 46. Be1 g5 47. Rc2 Bd6 48. Rf2 Rb6 49. Rb2 Ra6 50. Rf2 Ra8 51. Rc2 b6 52. Re2 Rg8 53. g4 fxg4 54. fxg4 hxg4 55. hxg4 Rh8 56. Bd2 f6 57. Kc4 Rh4 58. Rg2 Rh1 59. Kb5 Rb1 60. Kc4 Rb2 61. Kc3 Ra2 62. Rf2 Bb4+ 63. Kd3 Rxd2+ 64. Rxd2 Bxd2 65. Kxd2 Ke6 66. Kc3 f5 67. gxf5+ Kxf5 68. b4 g4 69. bxa5 bxa5 70. Kd2 Ke4 0-1

[Event "Netanya Open 2019"]
[Site "Netanya"]
[Date "2019.06.28"]
[Round "6.55"]
[White "Zoabi, Jihad"]
[Black "Sherman, Reem"]
[Result "1-0"]
[ECO "B27"]
[WhiteElo "1788"]
[BlackElo "1951"]
[PlyCount "89"]
[EventDate "2019.06.23"]
[EventType "swiss"]
[EventRounds "9"]
[EventCountry "ISR"]
[TimeControl "40/5400+30:1800+30"]

1. e4 c5 2. Nf3 g6 3. d4 cxd4 4. Qxd4 Nf6 5. e5 Nc6 6. Qa4 Nd5 7. Qe4 Nb6 8. Nc3 Bg7 9. Bf4 d5 10. exd6 Bf5 11. dxe7 Nxe7 12. Bb5+ Kf8 13. Qe2 a6 14. Bd3 Nbd5 15. Nxd5 Qa5+ 16. c3 Qxd5 17. Bxf5 Nxf5 18. O-O Re8 19. Qc2 Bf6 20. Rfd1 Qc6 21. Rd3 h5 22. Rad1 Kg7 23. Rd7 Nh4 24. Nxh4 Qxd7 25. Qxg6+ fxg6 26. Rxd7+ Re7 27. Rxe7+ Bxe7 28. Nf3 Bf6 29. Kf1 Kf7 30. Ke2 Rd8 31. Nd2 b5 32. Ne4 Rd5 33. f3 Be7 34. Bd2 Ke6 35. Be1 Kd7 36. Bd2 Kc6 37. Be1 a5 38. Bd2 Rd8 39. Be1 b4 40. Bd2 Kb5 41. Be1 Ka4 42. c4 Rd4 43. Bf2 Rd8 44. Bc5 Rc8 45. Nc3+ 1-0

[Event "Netanya Open 2019"]
[Site "Netanya"]
[Date "2019.06.28"]
[Round "6.56"]
[White "Scheinfeild, Michael"]
[Black "Friedland, Eldar"]
[Result "1/2-1/2"]
[ECO "E60"]
[WhiteElo "1582"]
[BlackElo "1939"]
[PlyCount "54"]
[EventDate "2019.06.23"]
[EventType "swiss"]
[EventRounds "9"]
[EventCountry "ISR"]
[TimeControl "40/5400+30:1800+30"]

1. Nf3 Nf6 2. b3 g6 3. Bb2 Bg7 4. g3 O-O 5. c4 c5 6. Bg2 Nc6 7. O-O d6 8. d4 cxd4 9. Nxd4 Bd7 10. e3 Qc8 11. Re1 Rb8 12. Nc3 Nxd4 13. exd4 Re8 14. Rc1 Bh3 15. Bh1 Qf5 16. Qf3 Bh6 17. Qxf5 Bxf5 18. f4 g5 19. Ne2 a6 20. a4 gxf4 21. Nxf4 Nd7 22. Be4 Bxe4 23. Rxe4 e5 24. dxe5 dxe5 25. Rd1 exf4 26. Rxe8+ Rxe8 27. Rxd7 f6 1/2-1/2

[Event "Netanya Open 2019"]
[Site "Netanya"]
[Date "2019.06.28"]
[Round "6.57"]
[White "Vagman, Roy"]
[Black "Fudim, Ariel"]
[Result "1-0"]
[WhiteElo "1918"]
[BlackElo "1768"]
[PlyCount "199"]
[EventDate "2019.06.23"]
[EventType "swiss"]
[EventRounds "9"]
[EventCountry "ISR"]
[TimeControl "40/5400+30:1800+30"]

1. e4 c5 2. Ne2 Nc6 3. Nbc3 g6 4. d4 cxd4 5. Nxd4 Bg7 6. Nde2 Nf6 7. g3 O-O 8. Bg2 d6 9. O-O Bd7 10. h3 Rb8 11. Be3 a6 12. Nd5 b5 13. Rb1 Bc8 14. f4 Nd7 15. Bf2 e6 16. Ne3 Nb6 17. b3 b4 18. Qd2 d5 19. e5 a5 20. Rfd1 Qe7 21. Rbc1 Ba6 22. c4 bxc3 23. Rxc3 Rfc8 24. Rdc1 Qd7 25. Nd4 Nxd4 26. Qxd4 Rxc3 27. Rxc3 Nc8 28. Nc2 Ne7 29. Qc5 Qd8 30. Qa7 Ra8 31. Qb6 Qxb6 32. Bxb6 a4 33. bxa4 Nf5 34. Nb4 Bf8 35. Nxa6 Rxa6 36. a5 Ra8 37. Bf1 Bb4 38. Rb3 Bxa5 39. Bf2 Bd8 40. a4 Kg7 41. Bb5 Rc8 42. g4 Rc1+ 43. Kh2 Ne7 44. Bh4 Rc2+ 45. Kg3 h6 46. Bf6+ Kf8 47. Bd3 Rc8 48. h4 Ng8 49. Bxd8 Rxd8 50. a5 Ne7 51. a6 Nc6 52. Rb6 Rc8 53. Bb5 Na7 54. Ba4 Rc3+ 55. Kg2 Rc4 56. Rb8+ Kg7 57. Bd7 Rc2+ 58. Kf3 Ra2 59. Rb6 Ra3+ 60. Ke2 Kf8 61. Kd2 g5 62. fxg5 hxg5 63. h5 Kg7 64. Kc2 Ra5 65. Kc3 Nc8 66. Kb4 Nxb6 67. Kxa5 Nxd7 68. a7 Nxe5 69. a8=Q Nxg4 70. Kb4 Kf6 71. Qh8+ Kf5 72. Qh7+ Kf6 73. h6 Nxh6 74. Qxh6+ Kf5 75. Kc5 g4 76. Qh2 Ke4 77. Qe2+ Kf4 78. Kd4 g3 79. Qf1+ Kg4 80. Ke5 f5 81. Qe2+ Kh3 82. Kf4 e5+ 83. Kxe5 g2 84. Qh5+ Kg3 85. Qg5+ Kf2 86. Qxf5+ Ke2 87. Qg4+ Kf2 88. Qf4+ Ke1 89. Qg3+ Kf1 90. Qf3+ Kg1 91. Kxd5 Kh2 92. Qf2 Kh1 93. Qh4+ Kg1 94. Ke4 Kf1 95. Kf3 g1=N+ 96. Ke3 Kg2 97. Qf2+ Kh1 98. Qg3 Ne2 99. Qh3+ Kg1 100. Qg4+ 1-0

[Event "Netanya Open 2019"]
[Site "Netanya"]
[Date "2019.06.28"]
[Round "6.58"]
[White "Leib, Daniel"]
[Black "Reches, Omer"]
[Result "1-0"]
[WhiteElo "1897"]
[BlackElo "1720"]
[PlyCount "71"]
[EventDate "2019.06.23"]
[EventType "swiss"]
[EventRounds "9"]
[EventCountry "ISR"]
[TimeControl "40/5400+30:1800+30"]

1. e4 c5 2. Nf3 e6 3. d4 cxd4 4. Nxd4 Nc6 5. c4 Nf6 6. Nc3 Bb4 7. Nxc6 bxc6 8. Bd3 Qc7 9. O-O O-O 10. Qe2 e5 11. Bg5 Ne8 12. Rac1 h6 13. Bh4 Bc5 14. Na4 Bd4 15. Be7 Qa5 16. Qc2 c5 17. a3 d6 18. Nc3 Nc7 19. Bxf8 Kxf8 20. Ne2 Ne6 21. Nxd4 Nxd4 22. Qc3 Qxc3 23. bxc3 Nb3 24. Rc2 Ke7 25. Rb2 Na5 26. f4 Ba6 27. f5 f6 28. Kf2 Rd8 29. Rfb1 Nc6 30. Bc2 Na5 31. Rb8 Rxb8 32. Rxb8 Bb7 33. Kf3 a6 34. Ba4 Bc6 35. Bxc6 Nxc6 36. Rb6 1-0

[Event "Netanya Open 2019"]
[Site "Netanya"]
[Date "2019.06.28"]
[Round "6.59"]
[White "Lazebnikov, Efim"]
[Black "Sheinkman, Lidan"]
[Result "0-1"]
[WhiteElo "1444"]
[BlackElo "1863"]
[PlyCount "42"]
[EventDate "2019.06.23"]
[EventType "swiss"]
[EventRounds "9"]
[EventCountry "ISR"]
[TimeControl "40/5400+30:1800+30"]

1. b3 e5 2. Bb2 Nc6 3. e3 Nf6 4. d3 d5 5. Be2 Bd6 6. Nd2 h5 7. Bf3 Be6 8. Rc1 Qd7 9. c4 Nb4 10. cxd5 Nxd3+ 11. Kf1 Bxd5 12. Rc2 Qf5 13. Nc4 e4 14. Nxd6+ cxd6 15. g4 hxg4 16. Bxg4 Nxg4 17. Kg2 Qxf2+ 18. Rxf2 Nxe3+ 19. Kg3 Nxd1 20. Bd4 N1xf2 21. Bxf2 Nxf2 0-1

[Event "Netanya Open 2019"]
[Site "Netanya"]
[Date "2019.06.28"]
[Round "6.61"]
[White "Fudim, Basya"]
[Black "Lomakin, Vladimir"]
[Result "1/2-1/2"]
[WhiteElo "1332"]
[BlackElo "1430"]
[PlyCount "61"]
[EventDate "2019.06.23"]
[EventType "swiss"]
[EventRounds "9"]
[EventCountry "ISR"]
[TimeControl "40/5400+30:1800+30"]

1. d4 d5 2. Bf4 Nf6 3. Nf3 g6 4. e3 Bg7 5. Bd3 O-O 6. O-O Bg4 7. Nbd2 Nh5 8. Bg5 Bf6 9. Bxf6 Nxf6 10. c4 Re8 11. Qb3 b6 12. cxd5 Nxd5 13. Bc4 Bxf3 14. Nxf3 e6 15. e4 Ne7 16. d5 exd5 17. exd5 Qd6 18. Ng5 h6 19. Ne4 Qf4 20. d6 cxd6 21. Nxd6 Rf8 22. Rad1 Nbc6 23. Rfe1 Na5 24. Qa4 Nxc4 25. Nxc4 Nf5 26. Qb3 Rad8 27. Rxd8 Rxd8 28. Ne5 Nd4 29. Qc3 Nb5 30. Qf3 Qxf3 31. Nxf3 1/2-1/2

[Event "Netanya Open 2019"]
[Site "Netanya"]
[Date "2019.06.28"]
[Round "6.62"]
[White "Neeman, Ori"]
[Black "Stolyarsky, Yegor"]
[Result "0-1"]
[ECO "C44"]
[WhiteElo "1285"]
[BlackElo "2017"]
[PlyCount "54"]
[EventDate "2019.06.23"]
[EventType "swiss"]
[EventRounds "9"]
[EventCountry "ISR"]
[TimeControl "40/5400+30:1800+30"]

1. e4 e5 2. Nf3 Nc6 3. d3 Nf6 4. Bg5 h6 5. Bxf6 Qxf6 6. g3 Bc5 7. Bg2 d5 8. O-O Bg4 9. a4 a5 10. Nbd2 O-O-O 11. Rb1 g5 12. Ra1 h5 13. h3 Be6 14. h4 gxh4 15. Nxh4 Rdg8 16. Kh1 Rg4 17. Qf3 Rxh4+ 18. gxh4 Qxh4+ 19. Kg1 Nd4 20. Qd1 Rg8 21. Nf3 Rxg2+ 22. Kxg2 Qh3+ 23. Kg1 Nxf3+ 24. Qxf3 Qxf3 25. Kh2 Bxf2 26. Rxf2 Qxf2+ 27. Kh1 Bg4 0-1

[Event "Netanya Open 2019"]
[Site "Netanya"]
[Date "2019.06.28"]
[Round "6.63"]
[White "Kopaloff, Liam"]
[Black "Sivan, Guy"]
[Result "1-0"]
[WhiteElo "1545"]
[BlackElo "1246"]
[PlyCount "87"]
[EventDate "2019.06.23"]
[EventType "swiss"]
[EventRounds "9"]
[EventCountry "ISR"]
[TimeControl "40/5400+30:1800+30"]

1. e4 e5 2. Nf3 Nc6 3. c3 Nf6 4. d4 exd4 5. e5 Qe7 6. cxd4 d6 7. Bb5 a6 8. Bxc6+ bxc6 9. O-O Nd5 10. Re1 Be6 11. Nc3 Qd7 12. Ng5 Be7 13. Nxe6 fxe6 14. Qg4 O-O 15. exd6 cxd6 16. Nxd5 cxd5 17. Qxe6+ Qxe6 18. Rxe6 Rfe8 19. Bf4 Kf7 20. Rae1 Rac8 21. b3 g5 22. Bg3 h5 23. h3 Bf6 24. Rxe8 Rxe8 25. Rxe8 Kxe8 26. Bxd6 Bxd4 27. Kf1 Kd7 28. Bb4 Ke6 29. Ke2 Ke5 30. Bd2 Kf5 31. b4 g4 32. h4 Ke5 33. a4 Kf5 34. b5 Ke6 35. bxa6 Kd7 36. Be3 Bxe3 37. Kxe3 Kc6 38. a5 Kc7 39. f4 gxf3 40. gxf3 Kb8 41. f4 Ka7 42. f5 Kxa6 43. f6 Kxa5 44. f7 1-0

[Event "Netanya Open 2019"]
[Site "Netanya"]
[Date "2019.06.28"]
[Round "6.64"]
[White "Schnaidman, Itzhak"]
[Black "Mendler, Omer"]
[Result "1-0"]
[WhiteElo "1474"]
[BlackElo "1231"]
[PlyCount "89"]
[EventDate "2019.06.23"]
[EventType "swiss"]
[EventRounds "9"]
[EventCountry "ISR"]
[TimeControl "40/5400+30:1800+30"]

1. d4 d5 2. c4 e6 3. Nc3 Nf6 4. cxd5 exd5 5. Bg5 Be7 6. e3 Bf5 7. Qb3 c6 8. Bxf6 Bxf6 9. Qxb7 Qd7 10. Ba6 Nxa6 11. Qxa8+ Bd8 12. Nf3 f6 13. Nxd5 cxd5 14. Rc1 Nb4 15. O-O O-O 16. Qb8 Bb6 17. Qg3 Nxa2 18. Ra1 Nb4 19. Nh4 Be4 20. f3 Bd3 21. Rf2 Re8 22. Rd2 Rxe3 23. Qf4 Nc2 24. Rxc2 Bxc2 25. Qxe3 g5 26. Qc3 Qc7 27. Qxc7 Bxc7 28. Rc1 Bb6 29. Rxc2 Bxd4+ 30. Kf1 gxh4 31. Rd2 Be5 32. Rxd5 Bxb2 33. Rd8+ Kg7 34. Rd7+ Kg6 35. Rxa7 Be5 36. Ra4 Kg5 37. Rg4+ Kh5 38. h3 Bg3 39. Ke2 f5 40. Rg8 f4 41. Kd3 h6 42. Ke4 Bh2 43. Kf5 Bg3 44. Rxg3 fxg3 45. Kf4 1-0

[Event "Netanya Open 2019"]
[Site "Netanya"]
[Date "2019.06.28"]
[Round "6.65"]
[White "Kinberg, Raz"]
[Black "Usha Margolin, Daniel"]
[Result "1/2-1/2"]
[WhiteElo "1385"]
[BlackElo "1437"]
[PlyCount "65"]
[EventDate "2019.06.23"]
[EventType "swiss"]
[EventRounds "9"]
[EventCountry "ISR"]
[TimeControl "40/5400+30:1800+30"]

1. e4 e5 2. Bc4 Nf6 3. d3 Nc6 4. Nc3 Bb4 5. Bg5 d6 6. Nge2 Be6 7. Bb3 O-O 8. O-O h6 9. Bxf6 Qxf6 10. Nd5 Bxd5 11. Bxd5 Rab8 12. c3 Bc5 13. Qd2 Ne7 14. Bb3 Qg6 15. d4 Bb6 16. f3 c5 17. Kh1 Kh8 18. dxe5 dxe5 19. Ng3 f5 20. Rad1 Rbd8 21. Qc1 Rb8 22. Rd7 f4 23. Rxe7 fxg3 24. h3 Qh5 25. Bd5 Rf6 26. Qe1 Qg5 27. Rxb7 Rbf8 28. c4 Qh4 29. Qe2 g5 30. Rd1 h5 31. Kg1 g4 32. fxg4 Rf2 33. Qe3 1/2-1/2

[Event "Netanya Open 2019"]
[Site "Netanya"]
[Date "2019.06.28"]
[Round "6.66"]
[White "Friedland, Benzi"]
[Black "Segev, Ido"]
[Result "0-1"]
[WhiteElo "1189"]
[BlackElo "1382"]
[PlyCount "92"]
[EventDate "2019.06.23"]
[EventType "swiss"]
[EventRounds "9"]
[EventCountry "ISR"]
[TimeControl "40/5400+30:1800+30"]

1. e4 c5 2. Nf3 Nc6 3. Bc4 d6 4. h3 e6 5. Nc3 Nf6 6. d4 cxd4 7. Nxd4 a6 8. Nxc6 bxc6 9. Bg5 h6 10. Bf4 Be7 11. Qf3 O-O 12. O-O d5 13. Bd3 Bd6 14. e5 Nd7 15. exd6 e5 16. Bd2 e4 17. Qg3 exd3 18. Bxh6 Qf6 19. Bg5 Qe5 20. Bf4 Qf5 21. cxd3 Nf6 22. Ne2 Nh5 23. Qg5 Nxf4 24. Qxf5 Nxe2+ 25. Kh2 Bxf5 26. Rad1 Rab8 27. b3 Rbd8 28. g4 Bh7 29. Rfe1 Nf4 30. Re7 Rxd6 31. Ra7 c5 32. d4 c4 33. Kg3 Ne6 34. f4 f5 35. g5 Bg6 36. b4 Bh5 37. Rd2 c3 38. Rc2 Nxd4 39. Rxc3 Ne2+ 40. Kh4 Nxc3 41. Kxh5 d4 42. Rc7 Ne2 43. a4 Kh7 44. b5 Rh8 45. g6+ Rxg6 46. Rc6 Nxf4+ 0-1

[Event "Netanya Open 2019"]
[Site "Netanya"]
[Date "2019.06.28"]
[Round "6.67"]
[White "Lisnovetzky, Daniel"]
[Black "Baran, Yulia"]
[Result "1-0"]
[WhiteElo "1320"]
[BlackElo "1344"]
[PlyCount "63"]
[EventDate "2019.06.23"]
[EventType "swiss"]
[EventRounds "9"]
[EventCountry "ISR"]
[TimeControl "40/5400+30:1800+30"]

1. e4 e5 2. Nf3 d6 3. Bc4 Be7 4. d4 exd4 5. Nxd4 Nf6 6. Nc3 Bd7 7. Be3 Nc6 8. Qd2 O-O 9. O-O-O Nxd4 10. Bxd4 Bc6 11. f3 h6 12. g4 Nd7 13. Nd5 Ne5 14. Bxe5 dxe5 15. Nxe7+ Qxe7 16. Rdg1 Rad8 17. Qe3 b5 18. Bb3 a5 19. a3 Qg5 20. Qxg5 hxg5 21. h4 gxh4 22. Rxh4 g6 23. g5 Kg7 24. Rgh1 Rh8 25. Rxh8 Rxh8 26. Rxh8 Kxh8 27. Bxf7 Kg7 28. Bd5 Bxd5 29. exd5 Kf7 30. Kd2 Ke7 31. Ke3 Kd6 32. Ke4 1-0

[Event "Netanya Open 2019"]
[Site "Netanya"]
[Date "2019.06.28"]
[Round "6.68"]
[White "Ben Hemo, Guy"]
[Black "Havakuk, Elad"]
[Result "1-0"]
[WhiteElo "1453"]
[BlackElo "1350"]
[PlyCount "65"]
[EventDate "2019.06.23"]
[EventType "swiss"]
[EventRounds "9"]
[EventCountry "ISR"]
[TimeControl "40/5400+30:1800+30"]

1. e4 c5 2. Nf3 Nc6 3. d4 cxd4 4. Nxd4 g6 5. c4 Bg7 6. Be3 Nf6 7. f3 e5 8. Nb5 a6 9. Nd6+ Kf8 10. c5 Nd4 11. Bxd4 exd4 12. Qxd4 Ne8 13. Qd5 Nxd6 14. Qxd6+ Kg8 15. Nc3 b5 16. cxb6 Rb8 17. Qxb8 d6 18. b7 Bxb7 19. Qxd8+ Bf8 20. Bc4 h5 21. Qc7 Rh7 22. Qxb7 a5 23. Nd5 Bg7 24. Qc8+ Bf8 25. Nf6+ Kg7 26. Nxh7 d5 27. Bxd5 a4 28. Qxf8+ Kxh7 29. Qxf7+ Kh6 30. h4 a3 31. Qf8+ Kh7 32. Qg8+ Kh6 33. Qh8# 1-0

[Event "Netanya Open 2019"]
[Site "Netanya"]
[Date "2019.06.28"]
[Round "6.69"]
[White "Khairova, Evelina"]
[Black "Marques, Don"]
[Result "1-0"]
[WhiteElo "1501"]
[BlackElo "1179"]
[PlyCount "113"]
[EventDate "2019.06.23"]
[EventType "swiss"]
[EventRounds "9"]
[EventCountry "ISR"]
[TimeControl "40/5400+30:1800+30"]

1. e4 c5 2. Nf3 Nc6 3. d4 cxd4 4. Nxd4 e5 5. Nf3 Nf6 6. Nc3 Bb4 7. Bd3 d6 8. O-O Bg4 9. h3 Bxf3 10. Qxf3 Nd4 11. Qg3 Bxc3 12. bxc3 Nh5 13. Qg4 Nf4 14. cxd4 Nxd3 15. cxd3 O-O 16. Be3 exd4 17. Bxd4 f6 18. Rab1 b6 19. Rfc1 Qe7 20. Rc6 Rad8 21. Rbc1 Rd7 22. Qf5 Kh8 23. Qd5 h6 24. Qc4 Kh7 25. Rc7 Rf7 26. Rxd7 Qxd7 27. Qc6 Qe6 28. Qd5 Qxd5 29. exd5 f5 30. Rc6 Rd7 31. Bb2 Re7 32. Kf1 Rd7 33. Ba3 b5 34. Rxd6 Rb7 35. Bb2 a5 36. Ra6 a4 37. a3 Kg8 38. Ke2 Kf7 39. Bd4 Ke8 40. Rb6 Rc7 41. Kd2 h5 42. Rxb5 Rd7 43. Ra5 g5 44. Kc3 Rb7 45. Ra8+ Kd7 46. Ra7 Rxa7 47. Bxa7 Kd6 48. Kd4 g4 49. f3 gxf3 50. gxf3 Kd7 51. Kc5 Kc7 52. Bb6+ Kd7 53. d6 Ke6 54. f4 Kd7 55. h4 Kc8 56. Kc6 Kb8 57. d7 1-0

[Event "Netanya Open 2019"]
[Site "Netanya"]
[Date "2019.06.30"]
[Round "7.1"]
[White "Antipov, Mikhail Al."]
[Black "Svetushkin, Dmitry"]
[Result "1-0"]
[ECO "C88"]
[WhiteElo "2582"]
[BlackElo "2532"]
[Annotator "ChessBase"]
[PlyCount "61"]
[EventDate "2019.06.23"]
[EventType "swiss"]
[EventCountry "ISR"]
[SourceTitle "playchess.com"]
[Source "ChessBase"]
[SourceQuality "1"]
[TimeControl "40/5400+30:1800+30"]

1. e4 e5 2. Nf3 Nc6 3. Bb5 a6 4. Ba4 Nf6 5. O-O Be7 6. Re1 b5 7. Bb3 O-O 8. d3 d6 9. a4 Bb7 10. Nc3 Na5 11. Ba2 b4 12. Ne2 c5 13. Ng3 Bc8 14. Nd2 Be6 15. Nc4 Nxc4 16. Bxc4 Nd7 17. c3 a5 18. Bxe6 fxe6 19. Qb3 Rf6 20. cxb4 cxb4 21. Be3 Rg6 22. d4 exd4 23. Bxd4 Kh8 24. Rac1 Nc5 25. Bxc5 dxc5 26. e5 Qc7 27. Qf3 Rd8 28. Red1 Rf8 29. Qe4 Bg5 30. Rc4 Bf4 31. Qf3 1-0

[Event "Netanya Open 2019"]
[Site "Netanya"]
[Date "2019.06.30"]
[Round "7.3"]
[White "Moiseenko, Alexander"]
[Black "Mikhalevski, Victor"]
[Result "1-0"]
[ECO "D97"]
[WhiteElo "2642"]
[BlackElo "2579"]
[Annotator "RC"]
[PlyCount "63"]
[EventDate "2019.06.23"]
[EventType "swiss"]
[EventCountry "ISR"]
[SourceTitle "playchess.com"]
[Source "ChessBase"]
[SourceQuality "1"]
[TimeControl "40/5400+30:1800+30"]

1. d4 Nf6 2. c4 g6 3. Nc3 d5 4. Nf3 Bg7 5. Qb3 dxc4 6. Qxc4 O-O 7. e4 Nc6 8. Be2 e5 9. d5 Nd4 10. Nxd4 exd4 11. Qxd4 c6 12. Qc4 b5 13. Qxc6 Bd7 14. Qd6 Re8 15. Bg5 b4 16. Qxb4 Nxd5 17. Nxd5 Qxg5 18. O-O Rab8 19. Qd6 Bh3 20. Bf3 Rxb2 21. Rab1 Be5 22. Qa3 Reb8 23. Rxb2 Rxb2 24. Qe7 f6 25. Qe8+ Kg7 26. Qe7+ Kg8 27. Rd1 Bd4 28. Qe8+ Kg7 29. Qe7+ Kg8 30. Ne3 Bb6 31. e5 Bxg2 32. Qe8+ 1-0

[Event "Netanya Open 2019"]
[Site "Netanya"]
[Date "2019.06.30"]
[Round "7.6"]
[White "Flom, Gabriel"]
[Black "Rozentalis, Eduardas"]
[Result "1/2-1/2"]
[ECO "E20"]
[WhiteElo "2480"]
[BlackElo "2540"]
[Annotator "ChessBase"]
[PlyCount "99"]
[EventDate "2019.06.23"]
[EventType "swiss"]
[EventCountry "ISR"]
[SourceTitle "playchess.com"]
[Source "ChessBase"]
[SourceQuality "1"]
[TimeControl "40/5400+30:1800+30"]

1. d4 Nf6 2. c4 e6 3. Nc3 Bb4 4. f3 O-O 5. e4 d5 6. cxd5 exd5 7. e5 Nfd7 8. a3 Bxc3+ 9. bxc3 f6 10. exf6 Qxf6 11. Bd3 Nb6 12. Ne2 Bf5 13. Bf4 Qc6 14. O-O N8d7 15. Be5 Nc4 16. Bxf5 Rxf5 17. Qd3 Rf7 18. f4 Nf6 19. Ng3 Ne4 20. Rfe1 Nxg3 21. hxg3 Raf8 22. Rf1 Qg6 23. Qxg6 hxg6 24. Rf3 c6 25. Kf2 b5 26. g4 a5 27. Rh1 Re8 28. g5 Kf8 29. g4 Ke7 30. f5 Kd7 31. f6 gxf6 32. Rxf6 Rg7 33. Bf4 a4 34. Rh6 Re6 35. Rh8 Rxf6 36. gxf6 Rf7 37. g5 Nxa3 38. Ke2 Nc4 39. Kd3 a3 40. Kc2 Ke6 41. Kb3 Ra7 42. Ka2 Kf5 43. Bc1 Nd6 44. Rh1 Ne4 45. Rf1+ Ke6 46. Rf3 Ra8 47. Rh3 Kf5 48. Rf3+ Ke6 49. Rh3 Kf5 50. Rf3+ 1/2-1/2

[Event "Netanya Open 2019"]
[Site "Netanya"]
[Date "2019.06.30"]
[Round "7.7"]
[White "Baron, Tal"]
[Black "Erenberg, Ariel"]
[Result "1-0"]
[ECO "E26"]
[WhiteElo "2524"]
[BlackElo "2434"]
[Annotator "ChessBase"]
[PlyCount "123"]
[EventDate "2019.06.23"]
[EventType "swiss"]
[EventCountry "ISR"]
[SourceTitle "playchess.com"]
[Source "ChessBase"]
[SourceQuality "1"]
[TimeControl "40/5400+30:1800+30"]

1. d4 Nf6 2. c4 e6 3. Nc3 Bb4 4. a3 Bxc3+ 5. bxc3 c5 6. e3 Qa5 7. Bd2 Ne4 8. Bd3 Nxd2 9. Qxd2 O-O 10. Nf3 d5 11. cxd5 exd5 12. O-O Nc6 13. Qb2 a6 14. a4 Rb8 15. Rfb1 Bg4 16. Nd2 Qc7 17. h3 Bh5 18. Qb6 Qxb6 19. Rxb6 Na5 20. dxc5 Bg6 21. Be2 Rfc8 22. Nb3 Nxb3 23. Rxb3 f6 24. Rb6 Be8 25. a5 Kf8 26. g4 Rxc5 27. Bxa6 Bc6 28. Rab1 Rxc3 29. Bxb7 Rxb7 30. Rxb7 Bxb7 31. Rxb7 Ra3 32. Rb5 d4 33. exd4 Rxh3 34. Rb8+ Ke7 35. a6 Ra3 36. Rb7+ Ke6 37. a7 g5 38. Rxh7 Kd5 39. Rd7+ Ke6 40. Rb7 Kd5 41. Kf1 Kxd4 42. Ke2 Ra2+ 43. Kd1 Ke4 44. Rf7 Kf4 45. Rxf6+ Kxg4 46. Rf7 Kh3 47. Rg7 g4 48. Kc1 Kg2 49. f4 g3 50. f5 Kh1 51. f6 g2 52. f7 Ra1+ 53. Kb2 Rxa7 54. f8=Q Rxg7 55. Qh8+ Kg1 56. Qxg7 Kf1 57. Qf6+ Ke2 58. Qg5 Kf2 59. Qf4+ Ke2 60. Qg3 Kf1 61. Qf3+ Kg1 62. Kc3 1-0

[Event "Netanya Open 2019"]
[Site "Netanya"]
[Date "2019.06.30"]
[Round "7.8"]
[White "Gorodetzky, David"]
[Black "Rechlis, Gad"]
[Result "1-0"]
[ECO "E73"]
[WhiteElo "2461"]
[BlackElo "2506"]
[Annotator "ChessBase"]
[PlyCount "91"]
[EventDate "2019.06.23"]
[EventType "swiss"]
[EventCountry "ISR"]
[SourceTitle "playchess.com"]
[Source "ChessBase"]
[SourceQuality "1"]
[TimeControl "40/5400+30:1800+30"]

1. d4 Nf6 2. c4 c5 3. d5 g6 4. Nc3 Bg7 5. e4 O-O 6. Be2 d6 7. Be3 b5 8. cxb5 a6 9. bxa6 Qa5 10. Bd2 Bxa6 11. Nf3 Qb4 12. Bxa6 Nxa6 13. Qe2 Qxb2 14. O-O Qa3 15. e5 dxe5 16. Nb5 Qa4 17. Nc3 Qe8 18. Nxe5 Nb4 19. Qc4 Nfxd5 20. Nxd5 Nxd5 21. Qxd5 Rd8 22. Qxc5 Rxd2 23. Nf3 Rd3 24. Rac1 Bf6 25. Rfe1 Qa4 26. Qc4 Qa3 27. h3 Rfd8 28. Rc2 R8d5 29. Qe4 Kg7 30. Qe2 h5 31. Rb1 Qa8 32. Re1 e6 33. Qe4 Ra3 34. Rc7 Bd8 35. Rxf7+ Kxf7 36. Qxe6+ Kg7 37. Ne5 Rxe5 38. Qxe5+ Bf6 39. Qc7+ Kh6 40. Re6 Qf8 41. Rxf6 Qxf6 42. Qc1+ g5 43. Qxa3 Qa1+ 44. Kh2 Qe5+ 45. Qg3 Qd4 46. h4 1-0

[Event "Netanya Open 2019"]
[Site "Netanya"]
[Date "2019.06.30"]
[Round "7.9"]
[White "Birnboim, Nathan"]
[Black "Dvoirys, Semen I."]
[Result "0-1"]
[ECO "D85"]
[WhiteElo "2379"]
[BlackElo "2502"]
[Annotator "ChessBase"]
[PlyCount "80"]
[EventDate "2019.06.23"]
[EventType "swiss"]
[EventCountry "ISR"]
[SourceTitle "playchess.com"]
[Source "ChessBase"]
[SourceQuality "1"]
[TimeControl "40/5400+30:1800+30"]

1. d4 Nf6 2. c4 g6 3. Nc3 d5 4. Nf3 Bg7 5. cxd5 Nxd5 6. e4 Nxc3 7. bxc3 c5 8. Rb1 O-O 9. Be2 Qa5 10. O-O Qxa2 11. Bg5 Re8 12. h3 a6 13. Bd3 Qa5 14. Qc1 b5 15. Bh6 Nd7 16. Bxg7 Kxg7 17. e5 Qc7 18. Qe3 Nb6 19. Ng5 Be6 20. Nxe6+ fxe6 21. Qg5 Nd5 22. Rbc1 Rf8 23. g3 c4 24. Be4 Rf7 25. h4 Kh8 26. h5 gxh5 27. Qxh5 Raf8 28. Qh6 Qc8 29. Rc2 Rg8 30. Ra1 b4 31. cxb4 Nxb4 32. Rc3 Nd5 33. Rf3 Rgg7 34. Rxf7 Rxf7 35. Ra5 Nc3 36. Qh5 Qf8 37. Bc2 Nb5 38. Rxa6 Nxd4 39. Be4 Nf3+ 40. Kg2 Nd2 0-1